 Dungeon Crawl Stone Soup version 0.16-a0-4123-g49b462e (webtiles) character file.

16 Herrn the Conjurer (level 2, -1/16 HPs)
             Began as a Gargoyle Conjurer on Mar 2, 2015.
             Slain by a gnoll
             ... wielding a +0 spear
              (9 damage)
             ... on level 1 of the Dungeon.
             The game lasted 00:03:12 (828 turns).

Herrn the Conjurer (Gargoyle Conjurer)               Turns: 828, Time: 00:03:12

Health: -1/16      AC:  4    Str: 11    XL:     2   Next: 54%
Magic:  0/4        EV: 11    Int: 15    God:
Gold:   77         SH:  3    Dex: 10    Spells: 1 memorised, 4 levels left

rFire  . . .     SeeInvis .     d - +0 whip
rCold  . . .     Clarity  .     a - +0 robe
rNeg   + . .     SustAb   .     k - +0 buckler
rPois  ∞         Gourm    .     (no helmet)
rElec  +         Spirit   .     (no cloak)
rCorr  .         Warding  .     (no gloves)
rMut   .         Stasis   .     (no boots)
MR     .....                    (no amulet)
Stlth  ++........               (no ring)
                                (no ring)

@: very slightly contaminated, not resistant to hostile enchantments, unstealthy
A: negative energy resistance 1, electricity resistance, unbreathing,
petrification resistance, rot immunity, AC +2
a: no special abilities


You were on level 1 of the Dungeon.
You were not hungry.

You visited 1 branch of the dungeon, and saw 1 of its levels.

You collected 77 gold pieces.

Inventory:

Hand weapons
 d - a +0 whip (weapon)
 e - a +0 club
Armour
 a - a +0 robe (worn)
 k - a +0 buckler (worn)
 m - a +0 leather armour
Scrolls
 g - a scroll of recharging {unknown}
 h - a scroll of fog {unknown}
 l - 3 scrolls of identify {unknown}
 n - a scroll of blinking {unknown}
Books
 c - a book of Conjurations

   Spells                             Type                      Level
   a - Magic Dart                     Conjuration                  1
   b - Searing Ray                    Conjuration                  2
   c - Dazzling Spray                 Conjuration/Hexes            3
   d - Fulminant Prism                Conjuration/Hexes            4
   e - Iskenderun's Mystic Blast      Conjuration                  4
   f - Iskenderun's Battlesphere      Conjuration/Charms           5
Comestibles
 b - a bread ration
 i - 2 fruits
 j - a meat ration


   Skills:
 * Level 0.7 Fighting
 * Level 1.0 Maces & Flails
 * Level 0.7 Armour
 + Level 1.8 Dodging
 - Level 2.1 Stealth
 * Level 0.4 Shields
 - Level 2.0 Spellcasting
 - Level 4.3 Conjurations


You had 4 spell levels left.
You knew the following spells:

 Your Spells              Type           Power        Failure   Level  Hunger
a - Magic Dart            Conj           ##..         8%          1    #......


Dungeon Overview and Level Annotations

Branches:
Dungeon (1/15)

Altars:


Innate Abilities, Weirdness & Mutations

You are resistant to torment.
You are immune to poison.
Your stone body is very resilient (AC +2).
You resist negative energy.
You are resistant to electric shocks.
You can survive without breathing.
You are immune to petrification.
You are immune to rotting.


Message History

You don't have enough magic to cast that spell.
Unknown command.
Casting: Magic Dart
Confirm with . or Enter, or press ? or * to list all spells.
You don't have enough magic to cast that spell.
Unknown command.
Unknown command.
The gnoll hits you from afar with a spear.
The gnoll hits you with a spear.
You closely miss the gnoll.
The gnoll is lightly wounded.
The gnoll barely misses you.
You hit the gnoll but do no damage.
The gnoll is lightly wounded.
The gnoll hits you with a spear.
* * * LOW HITPOINT WARNING * * *
Drink which item? (? for menu, Esc to quit)
It was a potion of curing.
You feel better. The gnoll hits you with a spear!
Ouch! That really hurt!
You die...

########################..(..####
.................# #...(.#...
######...##....#.## #.........
#...##.......# #.........
######.......# #.........
##......######..#.#..##
##.........#..........#
#..#.....#...###.#.#..#
####.###..@###..# #.......
#.....#....g#...# ##.#..#.
#.........#)..### .#.##
#......#####.## .# #
#.......###...### .#
###...#..#..#...# #..###...###..#
#...#..#..#...# #.....###...#.#


You could see a gnoll.

Vanquished Creatures
  2 ball pythons (D:1)
  A giant cockroach (D:1)
  3 hobgoblins (D:1)
  3 bats (D:1)
  A giant newt (D:1)
  2 kobolds (D:1)
  3 rats (D:1)
15 creatures vanquished.

Notes
Turn   | Place    | Note
--------------------------------------------------------------
     0 | D:1      | Herrn, the Gargoyle Conjurer, began the quest for the Orb.
     0 | D:1      | Reached XP level 1. HP: 10/10 MP: 3/3
   412 | D:1      | Reached XP level 2. HP: 16/16 MP: 2/4
   448 | D:1      | Reached skill level 1 in Maces & Flails
   828 | D:1      | Slain by a gnoll

Action                   || total
-------------------------++-------
Melee: Whip              ||    20
 Cast: Magic Dart        ||    32
  Use: Potion            ||     1
